AoeStats
← klinkhamer

Arabia

505018927Analyzed
1v1 RM · 25d ago on Sep 7, 2026· 35m 37s· 2 players
Game mode
Random Map
Map size
Tiny (2 player)
Population
200
Speed
Normal
Resources
Standard
Victory
Conquest
Starting age
Dark Age
Ending age
Imperial Age
RankedLock teamsTeams togetherTeam positionsShared explorationLock speedFull tech treeHidden civsTurbo modeCheats
Victory
Defeat
🇳🇱 Mongols · Netherlands
1003
+17
🇦🇷 Aztecs · Argentina
1034
-17
JEFRYY
8:11 Loom
10:28 Feudal Age
11:17 Double-Bit Axe
12:30 Town Watch
15:45 Arson
20:01 Wheelbarrow
23:08 Castle Age
22:00 Padded Archer Armor
22:01 Scale Mail Armor
24:17 Fletching
24:32 Squires
24:43 Horse Collar
26:07 Bodkin Arrow
26:41 Elite Skirmisher
30:59 Leather Archer Armor
30:15 Pikeman
klinkhamer
6:46 Loom
9:59 Feudal Age
10:44 Double-Bit Axe
11:57 Horse Collar
15:52 Bloodlines
23:23 Castle Age
22:04 Fletching
23:19 Wheelbarrow
23:38 Gold Mining
23:29 Crossbowman
24:14 Bodkin Arrow
24:57 Bow Saw
24:50 Heavy Plow
25:09 Squires
28:09 Stone Mining
28:23 Husbandry
28:30 Scale Barding Armor
30:30 Chain Barding Armor
32:07 Thumb Ring
32:53 Forging
Connection lost

Rejoining the realm…

Still unreachable

The connection could not be restored.

Session expired

The server has moved on; the page needs a fresh start.